 Dungeon Crawl Stone Soup version 0.29.1-14-g9c671dbff4 (webtiles) character file.

Game seed: 10097182032470686520

95 HakonGodeson the Covered (level 4, -2/35 HPs)
             Began as a Human Fighter on Feb 13, 2023.
             Killed from afar by an orc wizard (9 damage)
             ... with a puff of flame
             ... on level 3 of the Dungeon.
             The game lasted 00:03:46 (559 turns).

HakonGodeson the Covered (Human Fighter)             Turns: 559, Time: 00:03:47

Health: -2/35      AC:  6    Str: 17    XL:     4   Next: 97%
Magic:  4/4        EV:  3    Int: 10    God:
Gold:   50         SH: 26    Dex: 12    Spells: 3/3 levels left

rFire   . . .      SeeInvis .   a - +0 war axe
rCold   . . .      Faith    .   e - +18 shield of the Gong {rElec rN+ Will+ EV-5}
rNeg    + . .      Spirit   .   b - +0 scale mail
rPois   .          Reflect  .   (no helmet)
rElec   +          Harm     .   (no cloak)
rCorr   .          Rampage  .   (no gloves)
Will    +....                   (no boots)
Stlth   ..........              (no amulet)
HPRegen 0.11/turn               (no ring)
MPRegen 0.09/turn               (no ring)

@: no status effects
A: no striking features
a: no special abilities


You were on level 3 of the Dungeon.
You visited 1 branch of the dungeon, and saw 3 of its levels.

You collected 50 gold pieces.

Inventory:

Hand Weapons
 a - a +0 war axe (weapon)
Armour
 b - a +0 scale mail (worn)
 c - a +0 buckler
 e - the +18 shield of the Gong (worn) {rElec rN+ Will+ EV-5}
   (You acquired it on level 2 of the Dungeon)

   It is deafeningly noisy when blocking attacks.
   EV:        It affects your evasion (-5).
   rElec:     It insulates you from electricity.
   rN:        It protects you from negative energy.
   Will:      It increases your willpower.
Jewellery
 h - a ring of flight
Scrolls
 i - a scroll of teleportation {unknown}
Potions
 d - a potion of might
 g - a potion of brilliance {unknown}


   Skills:
 * Level 3.3 Fighting
 * Level 3.1 Axes
 * Level 3.5 Armour
 * Level 0.9 Dodging
 * Level 1.0 Stealth
 * Level 3.4 Shields


You had 3 spell levels left.
You didn't know any spells.
Your spell library contained the following spells:

 Spells                   Type           Power      Damage    Failure   Level
 Shock                    Conj/Air       0%         1d3       98%         1
 Call Canine Familiar     Summ           0%         N/A       100%        3
 Portal Projectile        Hex/Tloc       0%         N/A       100%        3
 Swiftness                Air            0%         N/A       100%        3
 Airstrike                Air            0%         2d(0-16)  100%        4
 Leda's Liquefaction      Hex/Erth       0%         N/A       100%        4


Dungeon Overview and Level Annotations

Branches:
Dungeon (3/15)

Altars:
Wu Jian


Message History

You hit the orc wizard.
The orc wizard is moderately wounded.
You block the orc wizard's attack.
BOUMMMMG!
You block the orc wizard's attack.
BONNNG!
A goblin comes into view. It is wielding a +0 club.
A worm comes into view.
You hit the orc wizard.
The orc wizard is severely wounded.
You block the orc wizard's attack.
GONNNNG!
You block the orc wizard's attack.
BONNNG!
You hear a shout!
You barely miss the orc wizard.
The orc wizard is severely wounded.
The orc wizard hits you but does no damage.
You hit the orc wizard but do no damage.
The orc wizard is severely wounded.
The orc wizard casts a spell at you. The magic dart hits you.
The orc wizard hits you with a +0 dagger.
You hit the orc wizard.
The orc wizard is almost dead.
The orc wizard casts a spell at you. The puff of flame hits you.
* * * LOW HITPOINT WARNING * * *
Unknown command.
As you read the scroll of fear, it crumbles to dust.
You assume a fearsome visage.
The goblin looks frightened!
The worm looks frightened!
The orc wizard looks frightened!
The orc wizard mumbles some strange words.
The orc wizard flickers and vanishes!
Deactivating autopickup; reactivate with Ctrl-A.
The goblin mumbles, "Damn and blast!"
You miss something.
You hear some strange, mumbled words.
A puff of flame appears from out of thin air!
The puff of flame hits you!
You die...

.~~#... ~.~~~ ~~ #~~~
... ######~~# ##~#
#......~##+++#~~###
####......~~†.~..w....
............)........
###.........)...####
#..........@.{#
#.............#
######...........#g#
.......######.####.#
######.# #.# # #.# #.#
#.# ### #.########
###........#


You could see a worm (fleeing) and a goblin (fleeing).

Vanquished Creatures
  An orc wizard (D:3)
  2 adders
  A worm (D:3)
  5 dart slugs
  2 orcs (D:3)
  A giant cockroach (D:2)
  3 goblins
  3 hobgoblins (D:2)
  3 kobolds
  4 quokkas
  2 ball pythons (D:2)
  5 bats
  A frilled lizard (D:1)
  5 rats
  A spectral kobold (D:3)
39 creatures vanquished.

Notes
Turn   | Place    | Note
-------+----------+-------------------------------------------
     0 | D:1      | HakonGodeson the Human Fighter began the quest for the Orb.
     0 | D:1      | Reached XP level 1. HP: 18/18 MP: 1/1
   129 | D:1      | Reached XP level 2. HP: 20/24 MP: 2/2
   202 | D:2      | Reached XP level 3. HP: 18/29 MP: 3/3
   218 | D:2      | Identified a scroll of acquirement
   219 | D:2      | Acquired the +18 shield of the Gong {rElec rN+ Will+ EV-5}
   219 | D:2      | Found the +18 shield of the Gong {rElec rN+ Will+ EV-5}
   372 | D:2      | Found an ornate altar of the Wu Jian Council.
   466 | D:3      | Reached XP level 4. HP: 35/35 MP: 4/4
   526 | D:3      | Found a faded altar of an unknown god.
   540 | D:3      | Reached skill level 1 in Stealth
   559 | D:3      | Killed from afar by an orc wizard

Illustrated notes

Levels and vault maps discovered:
D:1:      ncdulo_watergridlock, layout_rooms
D:2:      layout_loops_ring, basic_altar
D:3:      layout_basic, dreamdust_ecumenical_altar_drowned_temple, uniq_grinder

Skill      XL: |  1  2  3  4 |
---------------+-------------+-----
Axes           | 3 |  3.1
Stealth        | 1 |  1.0
Fighting       | |  3.3
Armour         | |  3.5
Dodging        | |  0.9
Shields        | |  3.4

Action                   |  1- 3 |  4- 6 || total
-------------------------+-------+-------++-------
Melee: War axe           |    75 |    36 ||   111
  Use: Scroll            |     3 |     1 ||     4
Armor: Scale mail        |    29 |    11 ||    40
Dodge: Dodged            |    15 |       ||    15
Block: Buckler           |     8 |       ||     8
       Kite shield       |    68 |    40 ||   108
